Map: Ruins of Endion

Players

Mutex - Winner!

  • Race: Zerg Zerg
  • League: Master

Miszu

  • Race: Protoss Protoss
  • League: Master

VOD

Have the link to the VOD?

Description

Time

  • Played on: April 3, 2016, 11:05 a.m.
  • Length: 11:42
Show
View Real Time Build Order
Export as new Build Order

Mutex Zerg - Winner!

Build Orders: Pool First, Zergling Baneling 

Get SALT Encoding   

  12  0:01  Drone  
  13  0:14  Drone  
  14  0:28  Spawning Pool  
  14  0:30  Drone  
  14  0:37  Overlord  
  14  0:56  Drone  
  15  0:58  Drone  
  16  1:15  Zergling x4  
  18  1:18  Zergling x2  
  18  1:25  Hatchery  
  18  1:29  Zergling x2  
  18  1:31  Queen  
  21  1:39  Overlord  
  21  1:51  Drone  
  22  1:55  Extractor  
  22  2:01  Drone  
  22  2:14  Drone  
  23  2:17  Queen  
  25  2:33  Drone x2  
  27  2:37  Queen  
  25  2:52  Drone x6  
  31  3:03  Metabolic Boost  
  31  3:05  Drone x2  
  33  3:09  Drone  
  33  3:11  Drone  
  35  3:26  Overlord  
  35  3:27  Hatchery  
  35  3:31  Baneling Nest  
  33  3:36  Overlord  
  33  3:43  Zergling x4  
  33  3:45  Zergling x4  
  37  3:52  Zergling x6  
  39  4:02  Zergling x2  
  40  4:03  Zergling x6  
  40  4:07  Zergling x4  
  45  4:13  Zergling x4  
  47  4:20  Zergling x4  
  49  4:25  Overlord  
  49  4:29  Baneling x4  
  49  4:30  Baneling  
  49  4:31  Baneling  
  49  4:33  Baneling x2  
  49  4:36  Zergling x4  
  49  4:59  Drone x6  
  45  5:07  Drone  
  45  5:11  Drone  
  47  5:21  Drone x2  
  47  5:28  Drone  
  44  5:30  Lair  
  44  5:33  Extractor  
  44  5:34  Extractor  
  43  5:36  Evolution Chamber  
  43  5:37  Drone x2  
  43  5:38  Drone x3  
  43  5:40  Zergling x2  
  48  5:47  Drone  
  49  5:51  Extractor, Drone x2  
  48  6:02  Zerg Missile Weapons Level 1  
  48  6:03  Zergling x10  
  53  6:08  Drone x2  
  53  6:10  Drone x2  
  53  6:11  Spore Crawler, Drone  
  58  6:12  Spore Crawler  
  55  6:20  Overlord  
  55  6:21  Drone x2  
  57  6:31  Hydralisk Den  
  57  6:32  Zergling x2  
  57  6:33  Overlord x4  
  53  7:02  Hydralisk x8, Muscular Augments  
  53  7:05  Drone x4  
  73  7:09  Drone x2  
  73  7:10  Drone  
  76  7:16  Overlord x2  
  76  7:34  Overlord x2  
  76  7:48  Hydralisk x3  
  82  7:55  Overlord x3, Hydralisk x2  
  82  7:56  Hydralisk x4  
  94  8:02  Zerg Missile Weapons Level 2  
  94  8:03  Zergling x4  
  94  8:04  Zergling x2  
  95  8:20  Drone x7  
  95  8:22  Centrifical Hooks  
  93  8:47  Drone x7  
  93  8:48  Drone x5  
  105  8:51  Extractor x2  
  103  8:56  Hydralisk x3  
  109  9:07  Hydralisk x5  
  119  9:13  Hatchery  
  119  9:15  Overseer  
  118  9:25  Hydralisk x2  
  118  9:27  Overlord x4  
  120  9:37  Spore Crawler  
  119  9:40  Hydralisk  
  119  9:43  Overlord x2  
  119  9:44  Overlord, Hydralisk  
  119  9:45  Hydralisk x4  
  127  9:51  Hydralisk x2  
  131  10:07  Hydralisk x7  
  131  10:11  Zergling x2  
  131  10:12  Zergling x4  
  148  10:24  Zergling x8  
  148  10:25  Zergling x2  
  153  10:32  Zergling x2  
  153  10:33  Zergling x6  
  151  10:52  Hydralisk x3  
  151  10:53  Hydralisk, Zergling x10  
  164  10:57  Baneling x12  
  164  10:59  Zergling x8  
Show
View Real Time Build Order
Export as new Build Order

Miszu Protoss 

Build Orders: 1 Gate Expand 

Get SALT Encoding   

  12  0:01  Probe (Chrono Boost)  
  13  0:12  Probe (Chrono Boost)  
  14  0:21  Pylon  
  14  0:24  Probe (Chrono Boost)  
  15  0:39  Probe (Chrono Boost)  
  16  0:44  Gateway  
  17  0:50  Probe (Chrono Boost)  
  17  1:10  Nexus  
  17  1:13  Probe (Chrono Boost)  
  17  1:18  Assimilator  
  18  1:24  Probe (Chrono Boost)  
  19  1:32  Cybernetics Core  
  19  1:38  Pylon  
  19  1:41  Probe (Chrono Boost)  
  19  1:46  Assimilator  
  20  1:52  Probe (Chrono Boost)  
  21  2:03  Probe (Chrono Boost)  
  23  2:17  Probe  
  23  2:21  Mothership Core  
  23  2:22  Pylon  
  25  2:50  Pylon  
  24  2:51  Probe  
  24  2:53  Pylon  
  24  2:54  Probe  
  24  2:56  Adept (Chrono Boost)  
  25  3:03  Probe  
  26  3:06  Probe  
  27  3:13  Warp Gate (Chrono Boost)  
  27  3:15  Probe  
  27  3:18  Probe  
  29  3:23  Adept  
  31  3:28  Probe  
  31  3:30  Probe  
  33  3:40  Probe  
  34  3:42  Probe  
  35  3:52  Probe  
  35  3:54  Probe  
  35  4:03  Adept  
  35  4:04  Probe  
  35  4:06  Gateway, Probe  
  35  4:07  Gateway  
  39  4:16  Probe  
  40  4:18  Probe  
  41  4:26  Adept  
  41  4:28  Probe  
  41  4:29  Pylon  
  41  4:30  Probe  
  45  4:34  Pylon  
  45  4:41  Probe  
  46  4:48  Probe  
  46  4:52  Stargate  
  47  4:53  Probe  
  47  4:55  Stargate  
  44  5:02  Pylon  
  44  5:03  Pylon  
  44  5:06  Adept  
  44  5:07  Adept x2  
  46  5:22  Probe  
  46  5:24  Adept, Probe  
  48  5:29  Assimilator x2  
  48  5:33  Pylon  
  48  5:34  Probe  
  49  5:36  Adept x2, Probe  
  49  5:39  Phoenix (Chrono Boost)  
  56  5:46  Probe, Phoenix (Chrono Boost)  
  56  5:48  Probe  
  60  5:58  Probe  
  60  6:00  Probe  
  60  6:03  Phoenix (Chrono Boost)  
  64  6:06  Adept  
  64  6:10  Probe  
  67  6:14  Nexus  
  67  6:27  Probe x2  
  69  6:39  Probe  
  70  6:41  Pylon  
  70  6:45  Pylon  
  70  6:49  Phoenix (Chrono Boost)  
  70  6:52  Phoenix (Chrono Boost)  
  70  6:54  Probe x2  
  68  7:03  Zealot  
  68  7:04  Zealot  
  68  7:06  Probe x2  
  74  7:11  Phoenix (Chrono Boost)  
  74  7:14  Phoenix (Chrono Boost)  
  78  7:18  Probe x2  
  80  7:30  Robotics Facility  
  80  7:31  Probe x2  
  80  7:33  Phoenix (Chrono Boost)  
  80  7:35  Adept x3, Robotics Facility  
  80  7:36  Phoenix (Chrono Boost)  
  92  7:38  Pylon  
  88  7:53  Probe  
  88  7:55  Probe  
  88  7:56  Probe, Phoenix (Chrono Boost)  
  88  7:57  Phoenix (Chrono Boost)  
  95  7:58  Adept  
  95  8:00  Sentry  
  95  8:05  Probe x2  
  100  8:08  Pylon, Probe  
  101  8:16  Probe  
  101  8:17  Phoenix (Chrono Boost), Probe  
  105  8:20  Adept, Probe  
  100  8:39  Adept x2  
  100  8:40  Immortal (Chrono Boost)  
  98  8:43  Immortal (Chrono Boost)  
  104  8:49  Adept  
  107  8:57  Gateway  
  107  8:58  Gateway  
  107  8:59  Adept  
  107  9:00  Adept  
  108  9:25  Assimilator  
  108  9:26  Twilight Council  
  108  9:27  Assimilator  
  108  9:28  Forge  
  108  9:34  Pylon  
  108  9:37  Pylon  
  108  9:38  Pylon  
  108  9:43  Gateway, Pylon  
  108  9:44  Gateway  
  108  9:45  Pylon  
  108  9:46  Gateway  
  108  9:49  Gateway  
  116  9:53  Immortal x2 (Chrono Boost)  
  116  9:56  Pylon  
  114  10:13  Adept  
  116  10:14  Adept x2  
  120  10:25  Templar Archives  
  120  10:27  Immortal x2 (Chrono Boost), Pylon  
  128  10:28  Pylon  
  128  10:32  Pylon  
  128  10:38  Probe  
  128  10:40  Probe x2  
  131  10:48  Adept x3  
  137  10:50  Probe  
  137  10:52  Probe x2  
  128  11:01  Adept x4, Immortal (Chrono Boost)  
  128  11:02  Adept x2  
  136  11:21  Adept x5  
  122  11:30  Adept x3  
  122  11:31  Zealot  
Tags
 
Add a new tag
Caveats
  • Supply blocks, unpowered buildings, or Contaminate may cause inaccurate times.
  • Supply counts are checked every 10 seconds.